 Dungeon Crawl Stone Soup version 0.28-a0-991-g956f0ee3d5 (webtiles) character file.

Game seed: 884516070850720474

485 devnull the Skirmisher (level 7, 0/62 HPs)
             Began as a Hill Orc Fighter on Dec 5, 2021.
             Slain by an ogre (27 damage)
             ... on level 4 of the Dungeon.
             The game lasted 00:11:30 (5475 turns).

devnull the Skirmisher (Hill Orc Fighter)           Turns: 5475, Time: 00:11:30

Health: 0/62       AC: 13    Str: 21    XL:     7   Next: 13%
Magic:  7/7        EV:  6    Int:  8    God:
Gold:   211        SH:  5    Dex: 10    Spells: 6/6 levels left

rFire   + . .      SeeInvis .   a - +0 war axe
rCold   + . .      Faith    .   c - +0 buckler
rNeg    . . .      Spirit   .   e - +0 plate armour
rPois   .          Reflect  .   (no helmet)
rElec   .          Harm     .   m - scarf {rC+ rF+}
rCorr   .          Rampage  .   (no gloves)
Will    .....                   l - +0 pair of boots {Fly}
Stlth   ..........              (no amulet)
HPRegen 0.20/turn               (no ring)
MPRegen 0.10/turn               (no ring)

@: mighty, flying
A: no striking features
a: no special abilities


You were on level 4 of the Dungeon.
You visited 1 branch of the dungeon, and saw 5 of its levels.

You collected 211 gold pieces.

Inventory:

Hand Weapons
 a - a +0 war axe (weapon)
Missiles
 k - 14 poisoned darts (quivered)
Armour
 c - a +0 buckler (worn)
 e - a +0 plate armour (worn)
 l - a +0 pair of boots of flying (worn)
 m - a scarf of resistance (worn)
Jewellery
 t - an amulet of faith
Wands
 j - a wand of digging (4)
Scrolls
 f - a scroll of summoning
 g - a scroll of magic mapping {unknown}
 o - a scroll of silence {unknown}
 q - a scroll of holy word
 u - a scroll of fear {unknown}
 v - 2 scrolls of teleportation
 z - a scroll of fog {unknown}
 A - 2 scrolls of enchant armour
Potions
 b - a potion of flight {unknown}
 h - 2 potions of attraction
 i - a potion of heal wounds {unknown}
 n - a potion of haste {unknown}
 p - a potion of lignification {unknown}
 r - a potion of brilliance {unknown}
 s - a potion of magic {unknown}
 w - 2 potions of cancellation {unknown}


   Skills:
 + Level 5.7 Fighting
 + Level 5.4 Axes
 + Level 5.1 Armour
 + Level 5.1 Shields


You had 6 spell levels left.
You didn't know any spells.
Your spell library contained the following spells:

 Spells                   Type           Power      Damage    Failure   Level
 Blink                    Tloc           0%         N/A       100%        2
 Static Discharge         Conj/Air       0%         N/A       100%        2
 Lesser Beckoning         Tloc           0%         N/A       100%        3
 Tukima's Dance           Hex            0%         N/A       100%        3
 Dispel Undead            Necr           0%         3d6       100%        4
 Passage of Golubria      Tloc           0%         N/A       100%        4
 Sticky Flame             Conj/Fire      0%         2d3       100%        4
 Manifold Assault         Tloc           0%         N/A       100%        5
 Yara's Violent Unravell  Hex/Tmut       0%         3d3       100%        5


Dungeon Overview and Level Annotations

Branches:
Dungeon (5/15)
 Temple: D:4-7

Altars:
Makhleb
Okawaru
Sif Muna
The Shining One


Message History

You are too injured to fight recklessly!
You are too injured to fight recklessly!
You are too injured to fight recklessly!
You barely miss the scorpion.
The scorpion is lightly wounded.
The scorpion stings you but does no damage.
You slash the scorpion!
The scorpion is heavily wounded.
The scorpion stings you but does no damage. x2
You slash the scorpion!
You kill the scorpion!
You have reached level 7!
You start resting.
HP restored.
There's nothing to close nearby.
You fly downwards.
You block the ogre's attack. You block the adder skeleton's attack.
There is a stone staircase leading up here.
The ogre hits you with a +0 giant club.
The adder skeleton bites you but does no damage.
You fly upwards.
There is a stone staircase leading down here.
You hit the ogre.
The ogre is lightly wounded.
The ogre hits you with a +0 giant club! The ogre barely misses you.
You hit the ogre.
The ogre is lightly wounded.
The ogre hits you with a +0 giant club!
Items here: ))))) [[[.
Okay, then.
You feel very mighty all of a sudden. The ogre barely misses you.
You slash the ogre!
The ogre is heavily wounded.
The ogre hits you with a +0 giant club!
You barely miss the ogre.
The ogre is heavily wounded.
The ogre hits you with a +0 giant club!!
You die...

#.#############.#
#....#.# #.# #....#.#
#.# #......# #.#
########....#.# #.#
............#.#### #.#
................># #.#
.#(.########...†O# #.#
.#............##@# #.#
.#......###...##<# #.#
.#.......##...########.#
..............##.......#
##..#######.#.##.#######
#..# #.....#.##†# ##..#
#.#####.##.#
....###.#####.##.#
##.)..#[......##.#


You could see an ogre.

Vanquished Creatures
  2 scorpions (D:4)
  A hound (D:4)
  2 orc priests (D:3)
  4 orc wizards (D:4)
  4 adders
  3 worms
  A dart slug (D:1)
  17 orcs
  9 bats
  9 endoplasms
  3 giant cockroaches
  11 goblins
  11 hobgoblins
  3 jackals (D:3)
  3 quokkas
  7 ball pythons
  3 frilled lizards
  3 kobolds
  7 rats
103 creatures vanquished.

Vanquished Creatures (others)
  An orc wizard (D:4)
1 creature vanquished.

Grand Total: 104 creatures vanquished

Notes
Turn   | Place    | Note
-------+----------+-------------------------------------------
     0 | D:1      | devnull the Hill Orc Fighter began the quest for the Orb.
     0 | D:1      | Reached XP level 1. HP: 19/19 MP: 1/1
   177 | D:1      | Reached XP level 2. HP: 27/27 MP: 2/2
   243 | D:1      | You fall into a shaft and drop 1 floor!
   609 | D:1      | Reached XP level 3. HP: 31/33 MP: 3/3
  1509 | D:2      | Found a faded altar of an unknown god.
  1829 | D:2      | Reached XP level 4. HP: 40/40 MP: 4/4
  2377 | D:3      | Found a glowing golden altar of the Shining One.
  2513 | D:3      | Found an iron altar of Okawaru.
  2889 | D:3      | Reached XP level 5. HP: 39/47 MP: 5/5
  3631 | D:3      | Found a shimmering blue altar of Sif Muna.
  3754 | D:3      | Found a burning altar of Makhleb.
  3756 | D:3      | Noticed a blizzard demon
  3760 | D:3      | Noticed a smoke demon
  3760 | D:3      | Noticed a ynoxinul
  4135 | D:4      | Reached skill level 5 in Fighting
  4141 | D:4      | Reached XP level 6. HP: 39/56 MP: 6/6
  4362 | D:4      | Reached skill level 5 in Axes
  4422 | D:4      | Noticed an ice beast
  5174 | D:4      | Reached skill level 5 in Shields
  5178 | D:4      | Reached skill level 5 in Armour
  5284 | D:5      | Entered Level 5 of the Dungeon
  5297 | D:4      | Reached XP level 7. HP: 28/62 MP: 7/7
  5475 | D:4      | Slain by an ogre

Illustrated notes

Levels and vault maps discovered:
D:1:      scummos_arrival_simple_crosswalls, layout_basic, minmay_misc_feat_x,
          bh_walls_and_bars
D:2:      layout_basic, hellmonk_ecumenical_altar_zigzags
D:3:      minmay_thinvault, layout_loops_cross, makhleb_altar_promises_db,
          nicolae_tso_carved_into_rock, amcnicky_altar_gilded,
          nicolae_sif_muna_condensation
D:4:      layout_basic
D:5:      layout_gridville, kennysheep_generic_room_5

Skill      XL: |  1  2  3  4  5  6 |
---------------+-------------------+-----
Axes           | 3 4 5 |  5.4
Fighting       | 4 5 |  5.7
Shields        | 4 5 |  5.1
Armour         | 4 5 |  5.1

Action                   |  1- 3 |  4- 6 |  7- 9 || total
-------------------------+-------+-------+-------++-------
Melee: War axe           |    88 |   261 |     4 ||   353
  Use: Scroll            |       |     5 |       ||     5
       Potion            |       |       |     1 ||     1
Armor: Scale mail        |    39 |    99 |       ||   138
       Chain mail        |       |    30 |       ||    30
       Plate armour      |       |    23 |     1 ||    24
Dodge: Dodged            |    30 |   149 |     2 ||   181
Block: Buckler           |    17 |    76 |     2 ||    95

Table legend: (Time is in decaauts)
 A = Elapsed time spent in this place.
 B = Non-inter-level travel time spent in this place.
 C = Inter-level travel time spent in this place.
 D = Time resting spent in this place.
 E = Time spent auto-exploring this place.
 F = Levels seen in this place.
 G = Mean time per level.
                   A        B        C        D        E       F      G
               +--------+--------+--------+--------+--------+-----+--------+
         Total |   5587 |   5208 |    379 |    634 |   3555 |   5 | 1117.4 |
       Dungeon |   5587 |   5208 |    379 |    634 |   3555 |   5 | 1117.4 |
               +--------+--------+--------+--------+--------+-----+--------+

Top non-repeatable levels by time:
     D:3: 2354 daAuts
     D:2: 1215 daAuts
     D:1: 1017 daAuts
     D:4: 987 daAuts
     D:5: 12 daAuts
